AoeStats
← Ziko

Arabia

511012511Analyzed
2v2 RM · 7h ago on Oct 3, 2026· 27m 30s· 4 players
Game mode
Random Map
Map size
Medium (4 player)
Population
200
Speed
Normal
Resources
Standard
Victory
Conquest
Starting age
Dark Age
Ending age
Imperial Age
RankedLock teamsTeams togetherTeam positionsShared explorationLock speedFull tech treeHidden civsTurbo modeCheats
Victory
Defeat
🇷🇴 Varangians · Romania
1479
+14
🇷🇪 Japanese · Réunion
1309
+20
🇫🇷 Varangians · France
1423
-17
🇫🇷 Mapuche · France
1419
-17
mihai.flacaul
7:00 Loom
9:06 Feudal Age
10:37 Horse Collar
16:11 Bloodlines
21:48 Wheelbarrow
21:21 Scale Barding Armor
22:43 Forging
26:15 Castle Age
26:24 Light Cavalry
27:25 Chain Barding Armor
27:14 Husbandry
27:18 Heavy Plow
27:04 Double-Bit Axe
Heinrich Joseph
7:35 Loom
10:06 Feudal Age
10:10 Man-at-Arms
10:37 Double-Bit Axe
12:27 Fletching
22:55 Castle Age
21:13 Padded Archer Armor
20:56 Horse Collar
22:39 Gold Mining
22:56 Crossbowman
23:34 Bodkin Arrow
25:12 Ballistics
27:18 Wheelbarrow
Tom
6:10 Loom
8:58 Feudal Age
9:32 Double-Bit Axe
9:27 Horse Collar
15:27 Bloodlines
19:00 Scale Barding Armor
22:38 Forging
27:20 Castle Age
Ziko
6:17 Loom
9:26 Feudal Age
14:34 Fletching
19:13 Double-Bit Axe
19:58 Padded Archer Armor
22:44 Wheelbarrow
25:37 Castle Age
24:28 Horse Collar
27:44 Bodkin Arrow
Connection lost

Rejoining the realm…

Still unreachable

The connection could not be restored.

Session expired

The server has moved on; the page needs a fresh start.